[ AOE2 MATCH · #506136878 ]
UnrankedVikings vs Aztecs
Player's team · WIN
Rival team · LOSS
[ REPLAY ANALYSIS · EXTRACTED FROM THE RECORDED GAME ]
Feudal
9:25
Castle
19:07
Imperial
—
| APM avg | 34.5 |
| APM peak | 67 |
| eAPM avg | 16.9 |
| Villagers / military | 59 / 49 |
Focus
⚔️ 33.7% · 🌾 66.3%
Berserk ×15 · Skirmisher ×11 · Archer ×8 · Monk ×6 · Militia ×4 · Scorpion ×4
Feudal
12:15
Castle
20:26
Imperial
—
| APM avg | 64.2 |
| APM peak | 100 |
| eAPM avg | 31.1 |
| Villagers / military | 52 / 41 |
Focus
⚔️ 30.0% · 🌾 70.0%
Eagle Scout ×21 · Archer ×14 · Militia ×3 · Monk ×2 · Skirmisher ×1
Match map
Initial resources + every placement click. Lines = walls · curves = elevation contours. ◆ gold · ⬟ stone · ● berries · ✦ relic · ◌ wall gap
Your base· Open — opponent sealed themselves in
Gil-galad's base· ✓ Closed at 20:26 · 50t walls · 1 gate(s)
Smoothed initial terrain · ◌ = detected wall gap · hover for details
Inputs per minute
— [o.p.]Müller-Thurgau - - Gil-galad
Build order — [o.p.]Müller-Thurgau
First 150 of 173 actions detected
| 0:00 | Queue | Villager (Male) |
| 0:01 | Queue | Villager (Male) |
| 0:02 | Build | House |
| 0:04 | Build | House |
| 0:07 | Queue | Villager (Male) |
| 0:07 | Queue | Villager (Male) |
| 1:25 | Queue | Villager (Male) |
| 1:59 | Queue | Villager (Male) |
| 2:15 | Queue | Villager (Male) |
| 2:23 | Build | Lumber Camp |
| 2:45 | Queue | Villager (Male) |
| 3:00 | Queue | Villager (Male) |
| 3:38 | Research | Loom |
| 3:48 | Build | House |
| 3:53 | Queue | Villager (Male) |
| 4:13 | Queue | Villager (Male) |
| 4:23 | Queue | Villager (Male) |
| 4:41 | Queue | Villager (Male) |
| 5:07 | Queue | Villager (Male) |
| 5:07 | Queue | Villager (Male) |
| 5:33 | Build | Barracks |
| 6:16 | Build | House |
| 6:17 | Queue | Villager (Male) |
| 6:59 | Build | House |
| 7:15 | Research | Feudal Age |
| 7:20 | Build | House |
| 7:31 | Build | Palisade Wall |
| 7:34 | Build | Palisade Wall |
| 8:06 | Queue | Militia |
| 8:06 | Queue | Militia |
| 8:41 | Queue | Militia |
| 8:52 | Build | Mill |
| 9:10 | Queue | Militia |
| 9:17 | Build | Farm |
| 9:18 | Build | Farm |
| 9:25 | Age | Feudal Age |
| 9:35 | Queue | Villager (Male) |
| 9:59 | Queue | Villager (Male) |
| 10:21 | Queue | Villager (Male) |
| 10:25 | Build | Mill |
| 10:35 | Build | Archery Range |
| 10:41 | Queue | Villager (Male) |
| 11:07 | Queue | Villager (Male) |
| 11:11 | Build | House |
| 11:34 | Queue | Archer |
| 11:37 | Queue | Skirmisher |
| 11:42 | Queue | Villager (Male) |
| 11:43 | Build | Farm |
| 12:02 | Queue | Villager (Male) |
| 12:16 | Build | House |
| 12:30 | Queue | Skirmisher |
| 12:31 | Queue | Villager (Male) |
| 12:39 | Build | Palisade Wall |
| 12:52 | Build | Mining Camp |
| 12:55 | Queue | Villager (Male) |
| 13:03 | Build | Market |
| 13:07 | Build | Farm |
| 13:10 | Build | Farm |
| 13:19 | Queue | Villager (Male) |
| 13:42 | Queue | Villager (Male) |
| 13:50 | Build | Farm |
| 13:56 | Queue | Villager (Male) |
| 14:08 | Build | Palisade Wall |
| 14:30 | Queue | Skirmisher |
| 14:30 | Queue | Skirmisher |
| 14:31 | Queue | Villager (Male) |
| 14:31 | Queue | Villager (Male) |
| 14:53 | Queue | Villager (Male) |
| 14:59 | Build | Palisade Wall |
| 15:00 | Build | Farm |
| 15:08 | Queue | Villager (Male) |
| 15:30 | Queue | Villager (Male) |
| 15:43 | Queue | Villager (Male) |
| 15:44 | Queue | Villager (Male) |
| 15:46 | Queue | Skirmisher |
| 15:46 | Queue | Skirmisher |
| 15:54 | Build | House |
| 16:19 | Build | Blacksmith |
| 16:27 | Research | Castle Age |
| 16:33 | Queue | Skirmisher |
| 16:39 | Build | Mining Camp |
| 16:59 | Queue | Skirmisher |
| 17:00 | Queue | Archer |
| 17:00 | Queue | Archer |
| 17:17 | Research | Double-Bit Axe |
| 17:30 | Queue | Archer |
| 17:37 | Research | Horse Collar |
| 17:45 | Research | Fletching |
| 17:58 | Queue | Archer |
| 18:10 | Queue | Archer |
| 18:16 | Build | Farm |
| 18:18 | Build | Farm |
| 19:07 | Age | Castle Age |
| 19:23 | Queue | Villager (Male) |
| 19:46 | Queue | Villager (Male) |
| 19:46 | Queue | Villager (Male) |
| 19:57 | Build | Farm |
| 20:03 | Build | Monastery |
| 20:08 | Build | Castle |
| 20:10 | Queue | Villager (Male) |
| 20:22 | Queue | Archer |
| 20:22 | Queue | Archer |
| 20:28 | Queue | Villager (Male) |
| 20:28 | Queue | Villager (Male) |
| 20:34 | Build | Farm |
| 20:51 | Build | Palisade Gate |
| 20:52 | Build | Palisade Wall |
| 20:59 | Queue | Monk |
| 21:00 | Queue | Monk |
| 21:05 | Queue | Villager (Male) |
| 21:16 | Build | House |
| 21:18 | Queue | Berserk |
| 21:18 | Queue | Berserk |
| 21:18 | Queue | Berserk |
| 21:23 | Queue | Villager (Male) |
| 21:25 | Build | Farm |
| 21:46 | Build | Farm |
| 21:47 | Build | Farm |
| 21:48 | Build | Farm |
| 21:53 | Research | Scale Mail Armor |
| 22:02 | Queue | Villager (Male) |
| 22:02 | Queue | Villager (Male) |
| 22:06 | Build | Siege Workshop |
| 22:19 | Build | Farm |
| 22:20 | Build | Farm |
| 22:20 | Queue | Villager (Male) |
| 22:21 | Queue | Villager (Male) |
| 22:24 | Build | Farm |
| 22:28 | Queue | Villager (Male) |
| 22:31 | Queue | Monk |
| 22:35 | Queue | Berserk |
| 22:36 | Queue | Berserk |
| 22:42 | Queue | Monk |
| 23:01 | Queue | Skirmisher |
| 23:01 | Queue | Skirmisher |
| 23:02 | Queue | Skirmisher |
| 23:04 | Queue | Villager (Male) |
| 23:09 | Queue | Scorpion |
| 23:09 | Queue | Scorpion |
| 23:17 | Queue | Villager (Male) |
| 23:17 | Queue | Villager (Male) |
| 23:17 | Queue | Berserk |
| 23:28 | Queue | Monk |
| 24:03 | Queue | Berserk |
| 24:03 | Queue | Berserk |
| 24:03 | Queue | Berserk |
| 24:04 | Queue | Berserk |
| 24:07 | Queue | Monk |
| 24:10 | Queue | Villager (Male) |
| 24:11 | Queue | Villager (Male) |
Build order — Gil-galad
First 150 of 175 actions detected
| 0:00 | Queue | Villager (Male) |
| 0:00 | Queue | Villager (Male) |
| 0:01 | Queue | Villager (Male) |
| 0:02 | Build | House |
| 0:04 | Build | House |
| 0:13 | Queue | Villager (Male) |
| 0:13 | Queue | Villager (Male) |
| 1:23 | Queue | Villager (Male) |
| 1:23 | Queue | Villager (Male) |
| 1:41 | Build | Lumber Camp |
| 2:07 | Queue | Villager (Male) |
| 2:07 | Queue | Villager (Male) |
| 2:24 | Queue | Villager (Male) |
| 2:47 | Queue | Villager (Male) |
| 2:47 | Queue | Villager (Male) |
| 3:15 | Queue | Villager (Male) |
| 3:15 | Queue | Villager (Male) |
| 3:34 | Build | House |
| 3:41 | Queue | Villager (Male) |
| 4:11 | Queue | Villager (Male) |
| 4:11 | Queue | Villager (Male) |
| 4:18 | Build | Barracks |
| 4:20 | Build | Palisade Wall |
| 4:30 | Queue | Villager (Male) |
| 4:41 | Build | House |
| 5:00 | Queue | Villager (Male) |
| 5:25 | Queue | Villager (Male) |
| 5:35 | Queue | Militia |
| 5:36 | Queue | Militia |
| 5:47 | Queue | Villager (Male) |
| 6:22 | Queue | Villager (Male) |
| 6:23 | Queue | Villager (Male) |
| 6:32 | Build | Mill |
| 6:40 | Queue | Militia |
| 6:52 | Queue | Villager (Male) |
| 6:52 | Queue | Villager (Male) |
| 6:52 | Queue | Villager (Male) |
| 6:57 | Build | House |
| 7:07 | Queue | Villager (Male) |
| 7:28 | Build | Farm |
| 7:46 | Queue | Villager (Male) |
| 7:46 | Queue | Villager (Male) |
| 7:48 | Build | Farm |
| 8:29 | Build | Palisade Wall |
| 8:32 | Queue | Villager (Male) |
| 8:35 | Build | Palisade Wall |
| 8:40 | Build | Palisade Wall |
| 8:47 | Build | Farm |
| 8:47 | Queue | Villager (Male) |
| 8:50 | Research | Loom |
| 8:58 | Build | Palisade Wall |
| 9:00 | Build | Palisade Wall |
| 9:02 | Build | Palisade Wall |
| 9:27 | Build | Palisade Wall |
| 10:05 | Research | Feudal Age |
| 10:06 | Research | Feudal Age |
| 10:14 | Build | Mining Camp |
| 10:19 | Build | House |
| 10:21 | Build | Palisade Wall |
| 10:21 | Build | Palisade Wall |
| 10:21 | Build | Palisade Wall |
| 10:22 | Build | Palisade Wall |
| 10:22 | Build | Palisade Wall |
| 10:31 | Build | Farm |
| 10:48 | Queue | Villager (Male) |
| 10:57 | Build | Farm |
| 10:59 | Build | Farm |
| 11:34 | Build | Farm |
| 11:35 | Build | Farm |
| 11:46 | Queue | Villager (Male) |
| 12:15 | Age | Feudal Age |
| 12:21 | Build | Archery Range |
| 12:30 | Build | Watch Tower |
| 12:36 | Queue | Villager (Male) |
| 12:42 | Research | Double-Bit Axe |
| 12:59 | Research | Horse Collar |
| 13:13 | Queue | Archer |
| 13:15 | Queue | Villager (Male) |
| 13:22 | Queue | Eagle Scout |
| 13:34 | Queue | Villager (Male) |
| 13:39 | Build | Farm |
| 13:42 | Build | Farm |
| 13:43 | Queue | Archer |
| 13:56 | Build | Palisade Gate |
| 14:00 | Build | Palisade Wall |
| 14:04 | Research | Wheelbarrow |
| 14:07 | Queue | Archer |
| 14:08 | Queue | Villager (Male) |
| 14:40 | Queue | Skirmisher |
| 14:43 | Queue | Villager (Male) |
| 14:45 | Build | Farm |
| 14:47 | Build | Farm |
| 14:48 | Build | House |
| 15:34 | Queue | Eagle Scout |
| 15:36 | Queue | Archer |
| 15:46 | Queue | Villager (Male) |
| 16:01 | Build | Palisade Gate |
| 16:07 | Build | Palisade Wall |
| 16:07 | Queue | Villager (Male) |
| 16:12 | Queue | Archer |
| 16:15 | Queue | Villager (Male) |
| 16:16 | Build | Farm |
| 16:18 | Build | Farm |
| 16:41 | Build | Market |
| 16:48 | Queue | Eagle Scout |
| 16:53 | Queue | Archer |
| 17:18 | Queue | Villager (Male) |
| 17:40 | Build | Blacksmith |
| 17:46 | Research | Castle Age |
| 17:54 | Build | Farm |
| 17:54 | Build | Farm |
| 18:09 | Queue | Archer |
| 18:14 | Queue | Eagle Scout |
| 18:31 | Build | Barracks |
| 18:39 | Research | Scale Mail Armor |
| 18:48 | Build | Farm |
| 18:48 | Build | Farm |
| 18:58 | Build | Mining Camp |
| 19:46 | Build | Mining Camp |
| 19:59 | Queue | Eagle Scout |
| 20:01 | Research | Forging |
| 20:01 | Queue | Villager (Male) |
| 20:10 | Build | Barracks |
| 20:14 | Build | Barracks |
| 20:18 | Build | House |
| 20:26 | Age | Castle Age |
| 20:29 | Research | Chain Mail Armor |
| 20:33 | Research | Eagle Warrior (upgrade) |
| 20:36 | Queue | Archer |
| 20:54 | Build | House |
| 20:55 | Build | House |
| 20:57 | Queue | Eagle Scout |
| 21:11 | Queue | Villager (Male) |
| 21:15 | Queue | Archer |
| 21:19 | Build | Farm |
| 21:19 | Build | Farm |
| 21:34 | Research | Fletching |
| 21:37 | Queue | Archer |
| 21:48 | Queue | Eagle Scout |
| 21:48 | Queue | Eagle Scout |
| 21:49 | Queue | Eagle Scout |
| 21:50 | Research | Squires |
| 21:51 | Queue | Villager (Male) |
| 22:06 | Queue | Eagle Scout |
| 22:06 | Queue | Eagle Scout |
| 22:09 | Queue | Villager (Male) |
| 22:31 | Research | Crossbowman (upgrade) |
| 22:50 | Queue | Villager (Male) |
| 22:51 | Build | Farm |
| 22:51 | Build | Farm |
Match timeline
| 4:18 | Gil-galad · first_building Barracks |
| 4:20 | Gil-galad · wall_segment Palisade Wall x1 |
| 5:33 | [o.p.]Müller-Thurgau · first_building Barracks |
| 7:31 | [o.p.]Müller-Thurgau · wall_segment Palisade Wall x1 |
| 7:34 | [o.p.]Müller-Thurgau · wall_segment Palisade Wall x5 |
| 8:29 | Gil-galad · wall_segment Palisade Wall x8 |
| 8:35 | Gil-galad · wall_segment Palisade Wall x4 |
| 8:40 | Gil-galad · wall_segment Palisade Wall x10 |
| 8:58 | Gil-galad · wall_segment Palisade Wall x4 |
| 9:00 | Gil-galad · wall_segment Palisade Wall x3 |
| 9:02 | Gil-galad · wall_segment Palisade Wall x3 |
| 9:25 | [o.p.]Müller-Thurgau · age_up feudal |
| 9:27 | Gil-galad · wall_segment Palisade Wall x5 |
| 10:21 | Gil-galad · wall_segment Palisade Wall x1 |
| 10:21 | Gil-galad · wall_segment Palisade Wall x1 |
| 10:21 | Gil-galad · wall_segment Palisade Wall x1 |
| 10:22 | Gil-galad · wall_segment Palisade Wall x1 |
| 10:22 | Gil-galad · wall_segment Palisade Wall x1 |
| 10:35 | [o.p.]Müller-Thurgau · first_building Archery Range |
| 12:15 | Gil-galad · age_up feudal |
| 12:21 | Gil-galad · first_building Archery Range |
| 12:39 | [o.p.]Müller-Thurgau · wall_segment Palisade Wall x8 |
| 14:00 | Gil-galad · wall_segment Palisade Wall x3 |
| 14:08 | [o.p.]Müller-Thurgau · wall_segment Palisade Wall x11 |
| 14:59 | [o.p.]Müller-Thurgau · wall_segment Palisade Wall x5 |
| 16:07 | Gil-galad · wall_segment Palisade Wall x6 |
| 19:07 | [o.p.]Müller-Thurgau · age_up castle |
| 20:03 | [o.p.]Müller-Thurgau · first_building Monastery |
| 20:08 | [o.p.]Müller-Thurgau · first_building Castle |
| 20:26 | Gil-galad · age_up castle |
| 20:31 | Gil-galad · first_market_sell 100 wood |
| 20:52 | [o.p.]Müller-Thurgau · wall_segment Palisade Wall x1 |
| 21:51 | [o.p.]Müller-Thurgau · first_market_buy 100 food |
| 22:06 | [o.p.]Müller-Thurgau · first_building Siege Workshop |
| 24:09 | Gil-galad · first_building Monastery |
| 24:34 | Gil-galad · first_market_buy 100 wood |
| 26:56 | Gil-galad · resign |
[ AI ANALYSIS · 1 CREDIT ]
What really happened in this match?
Wolo.gg analyzes every decision: build order, eco, micro, common mistakes by bracket. Personalized analysis on WhatsApp or Discord in 30 seconds.
Civ guide
Vikings
Perfil
Jugador #262049